 Dungeon Crawl Stone Soup version 0.26.0-57-g60708a5e39 (webtiles) character file.

Game seed: 11743476414571838635

32 swilekon the Stinger (level 3, -2/21 HPs)
             Began as an Octopode Venom Mage on Feb 2, 2021.
             Slain by a centaur skeleton (7 damage)
             ... on level 2 of the Dungeon.
             The game lasted 00:04:16 (1387 turns).

swilekon the Stinger (Octopode Venom Mage)          Turns: 1387, Time: 00:04:17

Health: -2/21      AC:  1    Str:  7    XL:     3   Next: 25%
Magic:  4/6        EV: 13    Int: 18    God:
Gold:   103        SH:  0    Dex: 12    Spells: 5/6 levels left

rFire    + . .     SeeInvis .   b - +1 dagger
rCold    + . .     Faith    .   (no shield)
rNeg     . . .     Spirit   .   (helmet restricted)
rPois    +         Reflect  .   (no amulet)
rElec    +         Harm     .   (no ring)
rCorr    +         Rampage  .   (no ring)
Will     .....                  (no ring)
Stlth    +++.......             (no ring)
HPRegen  0.07/turn              (no ring)
MPRegen  0.10/turn              (no ring)
                                (no ring)
                                (no ring)

@: resistant, very slightly contaminated
A: almost no armour, stealthy swim, amphibious, 8 rings, constrict 8, camouflage
1, gelatinous body 1
a: no special abilities


You were on level 2 of the Dungeon.
You visited 1 branch of the dungeon, and saw 2 of its levels.

You collected 103 gold pieces.

Inventory:

Hand Weapons
 b - a +1 dagger (weapon)
Scrolls
 c - 2 scrolls of identify
 d - a scroll of amnesia {unknown}
 h - a scroll of blinking
 j - 2 scrolls of magic mapping
Potions
 a - 2 potions of lignification


   Skills:
 - Level 2.0 Dodging
 * Level 3.7 Stealth
 + Level 2.2 Spellcasting
 + Level 1.4 Transmutations
 * Level 4.2 Poison Magic


You had 5 spell levels left.
You knew the following spells:

 Your Spells              Type           Power        Failure   Level
a - Sting                 Tmut/Pois      48%          5%          1

Your spell library contained the following spells:

 Spells                   Type           Power        Failure   Level
 Poisonous Vapours        Pois/Air       18%          12%         2
 Animate Skeleton         Necr           2%           19%         1
 Apportation              Tloc           2%           19%         1
 Corona                   Hex            1%           19%         1
 Summon Small Mammal      Summ           4%           19%         1
 Ignite Poison            Fire/Tmut/Pois 8%           24%         3
 Mephitic Cloud           Conj/Pois/Air  7%           30%         3
 Olgreb's Toxic Radiance  Pois           17%          30%         4


Dungeon Overview and Level Annotations

Branches:
Dungeon (2/15)

Altars:


Innate Abilities, Weirdness & Mutations

You cannot wear most types of armour.
You are very stealthy in the water. (Stealth+)
You are amphibious.
You can wear up to eight rings at the same time.
You can use your tentacles to constrict eight enemies at once.
Your skin changes colour to match your surroundings (Stealth+).
Your rubbery body absorbs attacks. (AC +1, EV +1)


Message History

Aim: a centaur skeleton (0% to evade)
The sting hits the centaur skeleton.
The centaur skeleton partially resists.
The centaur skeleton is lightly damaged.
The centaur skeleton closely misses you.
The centaur skeleton barely misses you.
You hit the centaur skeleton.
The centaur skeleton is moderately damaged.
The centaur skeleton hits you!
You are too injured to fight recklessly!
You hit the centaur skeleton. You squeeze the centaur skeleton.
The centaur skeleton is heavily damaged.
The centaur skeleton hits you.
* * * LOW HITPOINT WARNING * * *
You hit the centaur skeleton.
The centaur skeleton is severely damaged.
The centaur skeleton misses you.
It was a potion of resistance.
You feel protected. The centaur skeleton misses you.
The centaur skeleton hits you!
You die...

. # .# .# .#
.#### #####
.##Z# ....
....# ....# .
#... #..##...
..##... #.@#.#
....... ##.Z.#
#.....
####...##
#...###.....##
#.........###
#...#.#.###
#...#...###
#.<.###...###.#
#... ##(......#


You could see a centaur skeleton.

Vanquished Creatures
  A dart slug (D:1)
  A leopard gecko (D:1)
  A giant cockroach (D:1)
  2 goblins
  4 hobgoblins
  4 jackals (D:1)
  A ball python (D:1)
  3 bats (D:1)
  A frilled lizard (D:2)
  5 kobolds (D:1)
  5 rats (D:1)
28 creatures vanquished.

Vanquished Creatures (others)
  4 fungi (D:1)
4 creatures vanquished.

Grand Total: 32 creatures vanquished

Notes
Turn   | Place    | Note
-------+----------+-------------------------------------------
     0 | D:1      | swilekon the Octopode Venom Mage began the quest for the
                  | Orb.
     0 | D:1      | Reached XP level 1. HP: 11/11 MP: 3/3
   248 | D:1      | Reached XP level 2. HP: 8/17 MP: 3/5
   504 | D:1      | Reached skill level 4 in Poison Magic
   940 | D:1      | Reached XP level 3. HP: 13/21 MP: 2/6
  1387 | D:2      | Slain by a centaur skeleton

Illustrated notes

Levels and vault maps discovered:
D:1:      scummos_arrival_checkerplants, layout_basic
D:2:      layout_rooms

Skill      XL: |  1  2 |
---------------+-------+-----
Stealth        | 3 |  3.7
Poison Magic   | 4 |  4.2
Dodging        | |  2.0
Spellcasting   | |  2.2
Transmutations | |  1.4

Action                   || total
-------------------------++-------
Melee: Dagger            ||    56
       Constrict         ||    16
       Tentacles         ||     8
       Unarmed           ||     2
 Cast: Sting             ||    16
  Use: Scroll            ||    10
       Potion            ||     1
 Stab: Sleeping          ||     7
Armor: Skin              ||     6
Dodge: Dodged            ||    42
